TOP OF THE 1ST |
Plymouth Rocks batting - Pitching for Jersey City Tritons : RHP Juan Costello
|
Pitching: RHP Juan Costello
|
|
Batting: LHB Jeff Lawson
|
0-0: Called Strike 0-1: Ball 1-1: Ball 2-1: Ball 3-1: Fly out, F4 (Popup, 4MD)
|
Batting: LHB José Castillo
|
0-0: Fly out, F7 (Flyball, 78D)
|
Batting: RHB Ernesto Trevino
|
0-0: Called Strike 0-1: Called Strike 0-2: Ball 1-2: Ball 2-2: Ball 3-2: Base on Balls
|
Batting: RHB Phil McCroskey
|
0-0: Ball Ernesto Trevino is caught stealing 2nd base
|
Top of the 1st over - 0 runs, 0 hits, 0 errors, 0 left on base; Plymouth 0 - Jersey City 0 |
BOTTOM OF THE 1ST |
Jersey City Tritons batting - Pitching for Plymouth Rocks : RHP Ricardo Suárez
|
Pitching: RHP Ricardo Suárez
|
|
Batting: SHB Ed Blackett
|
0-0: Ground out 4-3 (Groundball, 4)
|
Batting: RHB Micheal Lovell
|
0-0: Called Strike 0-1: SINGLE (Flyball, 89S)
|
Batting: RHB Rand McNally
|
0-0: Called Strike 0-1: Ball Passed Ball! Micheal Lovell to second 1-1: Ground out 6-3 (Groundball, 6)
|
Batting: LHB Víctor Robledo
|
0-0: Foul Ball, location: 2F 0-1: Ball 1-1: Ball 2-1: Ball 3-1: Called Strike 3-2: Base on Balls
|
Batting: RHB Carlos Rúbio
|
0-0: Called Strike 0-1: Swinging Strike 0-2: Ball 1-2: SINGLE (Flyball, 78S) Micheal Lovell to third Víctor Robledo to second Runner from 3rd tries for Home, SAFE, no throw
|
Batting: LHB Bartholomew Bailey
|
0-0: Ball 1-0: Fielders Choice at 2nd, 6-4 (Groundball, 6)
|
Bottom of the 1st over - 1 run, 2 hits, 0 errors, 2 left on base; Plymouth 0 - Jersey City 1 |
TOP OF THE 2ND |
Plymouth Rocks batting - Pitching for Jersey City Tritons : RHP Juan Costello
|
Batting: RHB Phil McCroskey
|
0-0: Called Strike 0-1: Called Strike 0-2: Ball 1-2: Fly out, F7 (Flyball, 7LM)
|
Batting: SHB Javier Vega
|
0-0: Ball 1-0: SINGLE (Flyball, 89M)
|
Batting: RHB José Santos
|
0-0: Called Strike 0-1: Foul Ball, location: 2F 0-2: Fielders Choice at 2nd, 4-6 (Groundball, 4MD)
|
Batting: LHB Octávio Ontiveros
|
0-0: Ball 1-0: Called Strike 1-1: Ball José Santos is caught stealing 2nd base
|
Top of the 2nd over - 0 runs, 1 hit, 0 errors, 0 left on base; Plymouth 0 - Jersey City 1 |
BOTTOM OF THE 2ND |
Jersey City Tritons batting - Pitching for Plymouth Rocks : RHP Ricardo Suárez
|
Batting: RHB Brian Moring
|
0-0: Called Strike 0-1: Called Strike 0-2: Ball 1-2: Ball 2-2: Ground out 5-3 (Groundball, 56)
|
Batting: RHB Seth Rollins
|
0-0: Called Strike 0-1: Foul Ball, location: 2F 0-2: Strikes out swinging
|
Batting: RHB Anastasio Hernández
|
0-0: SINGLE (Line Drive, 56)
|
Batting: SHB Ed Blackett
|
0-0: Ball Anastasio Hernández steals 2nd base 1-0: Ground out 5-3 (Groundball, 56)
|
Bottom of the 2nd over - 0 runs, 1 hit, 0 errors, 1 left on base; Plymouth 0 - Jersey City 1 |
TOP OF THE 3RD |
Plymouth Rocks batting - Pitching for Jersey City Tritons : RHP Juan Costello
|
Batting: LHB Octávio Ontiveros
|
0-0: Ball 1-0: Ball 2-0: Called Strike 2-1: Ball 3-1: Swinging Strike 3-2: SINGLE (Groundball, 56D)
|
Batting: LHB Edgardo De Jesús
|
0-0: Swinging Strike 0-1: Foul Ball, location: 2F 0-2: Strikes out swinging
|
Batting: LHB Dae-ik Park
|
0-0: Called Strike 0-1: Ball 1-1: Ball 2-1: Ball Octávio Ontiveros steals 2nd base 3-1: Ground out 4-3 (Groundball, 4) Octávio Ontiveros to third
|
Batting: LHB Jeff Lawson
|
0-0: Ball 1-0: Fly out, F6 (Popup, 6MD)
|
Top of the 3rd over - 0 runs, 1 hit, 0 errors, 1 left on base; Plymouth 0 - Jersey City 1 |
BOTTOM OF THE 3RD |
Jersey City Tritons batting - Pitching for Plymouth Rocks : RHP Ricardo Suárez
|
Batting: RHB Micheal Lovell
|
0-0: Foul Ball, location: 2F 0-1: Ball 1-1: Called Strike 1-2: Strikes out swinging
|
Batting: RHB Rand McNally
|
0-0: Ball 1-0: Called Strike 1-1: Ball 2-1: Ball 3-1: Ground out 5-3 (Groundball, 5D)
|
Batting: LHB Víctor Robledo
|
0-0: Ball 1-0: SOLO HOME RUN (Flyball, 78XD), Distance : 439 ft
|
Batting: RHB Carlos Rúbio
|
0-0: Ball 1-0: Ground out 5-3 (Groundball, 56)
|
Bottom of the 3rd over - 1 run, 1 hit, 0 errors, 0 left on base; Plymouth 0 - Jersey City 2 |
TOP OF THE 4TH |
Plymouth Rocks batting - Pitching for Jersey City Tritons : RHP Juan Costello
|
Batting: LHB José Castillo
|
0-0: Ball 1-0: Foul Ball, location: 2F 1-1: Swinging Strike 1-2: Ball 2-2: Foul Ball, location: 2F 2-2: Strikes out swinging
|
Batting: RHB Ernesto Trevino
|
0-0: Called Strike 0-1: Ball 1-1: Swinging Strike 1-2: Ball 2-2: Strikes out swinging
|
Batting: RHB Phil McCroskey
|
0-0: Called Strike 0-1: Ground out 6-3 (Groundball, 6)
|
Top of the 4th over - 0 runs, 0 hits, 0 errors, 0 left on base; Plymouth 0 - Jersey City 2 |
BOTTOM OF THE 4TH |
Jersey City Tritons batting - Pitching for Plymouth Rocks : RHP Ricardo Suárez
|
Batting: LHB Bartholomew Bailey
|
0-0: Ball 1-0: Called Strike 1-1: Ball 2-1: Ball 3-1: Base on Balls
|
Batting: RHB Brian Moring
|
0-0: Ball 1-0: Foul Ball, location: 2F 1-1: Swinging Strike 1-2: Ball 2-2: Ball 3-2: Base on Balls Bartholomew Bailey to second
|
Batting: RHB Seth Rollins
|
0-0: Foul Ball, location: 2F 0-1: Called Strike 0-2: Ball 1-2: Strikes out swinging
|
Batting: RHB Anastasio Hernández
|
0-0: Ball 1-0: Foul Ball, location: 2F 1-1: Fly out, F6 (Line Drive, 6)
|
Batting: SHB Ed Blackett
|
0-0: Called Strike 0-1: Ball 1-1: Ball 2-1: Swinging Strike 2-2: Fly out, F7 (Flyball, 7)
|
Bottom of the 4th over - 0 runs, 0 hits, 0 errors, 2 left on base; Plymouth 0 - Jersey City 2 |
TOP OF THE 5TH |
Plymouth Rocks batting - Pitching for Jersey City Tritons : RHP Juan Costello
|
Batting: SHB Javier Vega
|
0-0: Ball 1-0: Ball 2-0: Ball 3-0: Base on Balls
|
Batting: RHB José Santos
|
0-0: Sac Bunt - play at second, runner OUT! 1-6
|
Batting: LHB Octávio Ontiveros
|
0-0: Foul Ball, location: 2F 0-1: Swinging Strike 0-2: Ball 1-2: Ball 2-2: Ball 3-2: Foul Ball, location: 2F 3-2: Base on Balls José Santos to second
|
Batting: LHB Edgardo De Jesús
|
0-0: Ball 1-0: Fielders Choice at 2nd, 3-6 (Groundball, 34) José Santos to third
|
Batting: LHB Dae-ik Park
|
0-0: Swinging Strike 0-1: Ball 1-1: Ball 2-1: Swinging Strike 2-2: Ball 3-2: Foul Ball, location: 2F 3-2: Ground out U3 (Groundball, 3L)
|
Top of the 5th over - 0 runs, 0 hits, 0 errors, 2 left on base; Plymouth 0 - Jersey City 2 |
BOTTOM OF THE 5TH |
Jersey City Tritons batting - Pitching for Plymouth Rocks : RHP Ricardo Suárez
|
Batting: RHB Micheal Lovell
|
0-0: Ball 1-0: Called Strike 1-1: Swinging Strike 1-2: Ball 2-2: SINGLE (Groundball, 6M) (infield hit)
|
Batting: RHB Rand McNally
|
0-0: Ball 1-0: Ball 2-0: Called Strike 2-1: Ball 3-1: Swinging Strike 3-2: Base on Balls Micheal Lovell to second
|
Batting: LHB Víctor Robledo
|
0-0: Ball 1-0: SINGLE (Groundball, 56D) Micheal Lovell to third Rand McNally to second Runner from 3rd tries for Home, SAFE, no throw
|
Batting: RHB Carlos Rúbio
|
0-0: Called Strike Víctor Robledo steals 2nd base Rand McNally to third 0-1: Ground out 5-3 (Groundball, 5)
|
Batting: LHB Bartholomew Bailey
|
0-0: Ball 1-0: Ball 2-0: SINGLE (Flyball, 78S) Rand McNally scores Víctor Robledo to third
|
Batting: RHB Brian Moring
|
0-0: SINGLE (Groundball, 34D) Víctor Robledo scores Bartholomew Bailey to second Runner from 2nd tries for 3rd, SAFE, no throw
|
Batting: RHB Seth Rollins
|
0-0: Foul Ball, location: 2F 0-1: Foul Ball, location: 2F 0-2: Fielders Choice at 2nd, 1-6 (Groundball, 13S)
|
Batting: RHB Anastasio Hernández
|
0-0: Ball 1-0: Foul Ball, location: 2F 1-1: Ball 2-1: Called Strike 2-2: Ball 3-2: Foul Ball, location: 2F 3-2: Base on Balls Seth Rollins to second
|
Batting: SHB Ed Blackett
|
0-0: Called Strike 0-1: Fly out, F7 (Flyball, 7S)
|
Bottom of the 5th over - 3 runs, 4 hits, 0 errors, 3 left on base; Plymouth 0 - Jersey City 5 |
TOP OF THE 6TH |
Plymouth Rocks batting - Pitching for Jersey City Tritons : RHP Juan Costello
|
Batting: LHB Jeff Lawson
|
0-0: Foul Ball, location: 2F 0-1: Ball 1-1: Ground out 6-3 (Groundball, 56)
|
Batting: LHB José Castillo
|
0-0: Ball 1-0: Ball 2-0: Ball 3-0: Called Strike 3-1: Base on Balls
|
Batting: RHB Ernesto Trevino
|
0-0: Called Strike 0-1: Ball 1-1: Foul Ball, location: 2F 1-2: Ground out 6-3 (Groundball, 6S) José Castillo to second
|
Batting: RHB Phil McCroskey
|
0-0: Called Strike 0-1: Fly out, F9 (Flyball, 9S)
|
Top of the 6th over - 0 runs, 0 hits, 0 errors, 1 left on base; Plymouth 0 - Jersey City 5 |
BOTTOM OF THE 6TH |
Jersey City Tritons batting - Pitching for Plymouth Rocks : RHP Ricardo Suárez
|
Batting: RHB Micheal Lovell
|
0-0: Called Strike 0-1: SINGLE (Flyball, 9LS)
|
Batting: RHB Rand McNally
|
0-0: Called Strike 0-1: Foul Ball, location: 2F 0-2: Ball 1-2: Ball 2-2: Ball 3-2: Base on Balls Micheal Lovell to second
|
Pitching: RHP Kazu Shimada
|
|
Batting: LHB Víctor Robledo
|
0-0: Fly out, F5 (Popup, 5F)
|
Batting: RHB Carlos Rúbio
|
0-0: Called Strike 0-1: Ball 1-1: Called Strike 1-2: Grounds into double play, 5-4-3 (Groundball, 56)
|
Bottom of the 6th over - 0 runs, 1 hit, 0 errors, 1 left on base; Plymouth 0 - Jersey City 5 |
TOP OF THE 7TH |
Plymouth Rocks batting - Pitching for Jersey City Tritons : RHP Juan Costello
|
Batting: SHB Javier Vega
|
0-0: Called Strike 0-1: Called Strike 0-2: Fly out, F9 (Line Drive, 9LD)
|
Batting: RHB José Santos
|
0-0: Called Strike 0-1: SINGLE (Groundball, 6MD)
|
Batting: LHB Octávio Ontiveros
|
0-0: Foul Ball, location: 2F 0-1: Ball 1-1: Swinging Strike 1-2: Fielders Choice at 2nd, 3-6 (Groundball, 3)
|
Batting: LHB Edgardo De Jesús
|
0-0: Ball 1-0: DOUBLE (Line Drive, 89D) Octávio Ontiveros to third Runner from 3rd tries for Home, SAFE, no throw
|
Pitching: RHP Jesús Colón
|
|
Batting: LHB Dae-ik Park
|
0-0: SINGLE (Groundball, 34D) Edgardo De Jesús to third Runner from 3rd tries for Home, SAFE, throw made home
|
Batting: LHB Jeff Lawson
|
0-0: Called Strike 0-1: Called Strike 0-2: Ball 1-2: Ball 2-2: Ball 3-2: SINGLE (Groundball, 34D) Dae-ik Park to second Dae-ik Park to third
|
Batting: LHB José Castillo
|
0-0: Ball 1-0: Foul Ball, location: 2F 1-1: Ball 2-1: Ball 3-1: Foul Ball, location: 2F 3-2: Foul Ball, location: 2F 3-2: Base on Balls Jeff Lawson to second
|
Batting: RHB Ernesto Trevino
|
0-0: Called Strike 0-1: Ball 1-1: DOUBLE (Line Drive, 8LXD) Dae-ik Park scores Jeff Lawson scores José Castillo to third Runner from 3rd tries for Home, SAFE, no throw
|
Pitching: RHP Raúl Flores
|
|
Batting: RHB Phil McCroskey
|
0-0: Swinging Strike 0-1: Swinging Strike 0-2: Ball 1-2: Strikes out swinging
|
Top of the 7th over - 5 runs, 5 hits, 0 errors, 1 left on base; Plymouth 5 - Jersey City 5 |
BOTTOM OF THE 7TH |
Jersey City Tritons batting - Pitching for Plymouth Rocks : RHP Kazu Shimada
|
Batting: LHB Bartholomew Bailey
|
0-0: Foul Ball, location: 2F 0-1: Foul Ball, location: 2F 0-2: Foul Ball, location: 2F 0-2: Ball 1-2: Fly out, F9 (Flyball, 89M)
|
Batting: RHB Brian Moring
|
0-0: Ball 1-0: DOUBLE (Line Drive, 7LD)
|
Batting: RHB Seth Rollins
|
0-0: Called Strike 0-1: Ball 1-1: Ground out 6-3 (Groundball, 6)
|
Batting: RHB Anastasio Hernández
|
0-0: Ball 1-0: Foul Ball, location: 2F 1-1: Ball 2-1: Ball 3-1: Called Strike 3-2: Foul Ball, location: 2F 3-2: Ground out 5-3 (Groundball, 56)
|
Bottom of the 7th over - 0 runs, 1 hit, 0 errors, 1 left on base; Plymouth 5 - Jersey City 5 |
TOP OF THE 8TH |
Plymouth Rocks batting - Pitching for Jersey City Tritons : RHP Raúl Flores
|
Batting: SHB Javier Vega
|
0-0: Called Strike 0-1: Ball 1-1: Ball 2-1: Swinging Strike 2-2: Ball 3-2: Foul Ball, location: 2F 3-2: Fly out, F8 (Flyball, 78D)
|
Batting: RHB José Santos
|
0-0: Ball 1-0: Fly out, F3 (Line Drive, 3S)
|
Batting: LHB Octávio Ontiveros
|
0-0: Ball 1-0: Ball 2-0: Called Strike 2-1: Foul Ball, location: 2F 2-2: Hit by Pitch
|
Batting: LHB Edgardo De Jesús
|
0-0: Called Strike 0-1: Ground out 4-3 (Groundball, 4)
|
Top of the 8th over - 0 runs, 0 hits, 0 errors, 1 left on base; Plymouth 5 - Jersey City 5 |
BOTTOM OF THE 8TH |
Jersey City Tritons batting - Pitching for Plymouth Rocks : RHP Kazu Shimada
|
Batting: SHB Ed Blackett
|
0-0: Called Strike 0-1: Ball 1-1: Ground out 6-3 (Groundball, 6)
|
Batting: RHB Micheal Lovell
|
0-0: Ball 1-0: Foul Ball, location: 2F 1-1: Swinging Strike 1-2: Ball 2-2: Foul Ball, location: 2F 2-2: Foul Ball, location: 2F 2-2: Ball 3-2: Ground out 6-3 (Groundball, 6M)
|
Batting: RHB Rand McNally
|
0-0: Called Strike 0-1: SOLO HOME RUN (Flyball, 78XD), Distance : 439 ft
|
Batting: LHB Víctor Robledo
|
0-0: Ball 1-0: Ball 2-0: Ball 3-0: Base on Balls
|
Batting: RHB Carlos Rúbio
|
0-0: Ball 1-0: Foul Ball, location: 2F 1-1: Fielders Choice at 2nd, U4 (Groundball, 4M)
|
Bottom of the 8th over - 1 run, 1 hit, 0 errors, 1 left on base; Plymouth 5 - Jersey City 6 |
TOP OF THE 9TH |
Plymouth Rocks batting - Pitching for Jersey City Tritons : RHP Raúl Flores
|
Pitching: RHP Keith Johnson
|
|
Now at C: Alfonso Morín
|
|
Now in LF: Rubén Arce
|
|
Batting: LHB Dae-ik Park
|
0-0: Ball 1-0: Ball 2-0: Called Strike 2-1: Foul Ball, location: 2F 2-2: Fly out, F7 (Flyball, 7)
|
Batting: LHB Jeff Lawson
|
0-0: Called Strike 0-1: Foul Ball, location: 2F 0-2: Fly out, F9 (Line Drive, 9D)
|
Batting: LHB José Castillo
|
0-0: Ball 1-0: Ball 2-0: Ball 3-0: Foul Ball, location: 2F 3-1: Base on Balls
|
Batting: RHB Ernesto Trevino
|
0-0: Called Strike 0-1: Ball 1-1: Ball 2-1: Ball 3-1: Foul Ball, location: 2F 3-2: SINGLE (Line Drive, 7LS) José Castillo to second José Castillo to third
|
Batting: RHB Phil McCroskey
|
0-0: Ball 1-0: Ball 2-0: Fly out, F6 (Popup, 56)
|
Top of the 9th over - 0 runs, 1 hit, 0 errors, 2 left on base; Plymouth 5 - Jersey City 6 |
|